 Dungeon Crawl Stone Soup version 0.28-a0-511-gcc94558de3 (webtiles) character file.

Game seed: 15846164765917060384

26765 Squid the Basher (level 13, -1/119 HPs)
             Began as a Minotaur Berserker on Sept 21, 2021.
             Was a High Priest of Trog.
             Slain by a cyan ugly thing (4 damage)
             ... summoned by a boggart
             ... on level 14 of the Dungeon.
             The game lasted 00:36:22 (13984 turns).

Squid the Basher (Minotaur Berserker)              Turns: 13984, Time: 00:36:23

Health: -1/119     AC: 27    Str: 42    XL:     13   Next: 0%
Magic:  0/12       EV: 12    Int: 10    God:    Trog [*****.]
Gold:   535        SH: 11    Dex: 12    Spells: 12/12 levels left

rFire   + + .      SeeInvis +   k - +10 eveningstar "Osa Vyl" {elec, rElec rN+ Int+3}
rCold   + . .      Faith    .   C - +0 kite shield
rNeg    + + .      Spirit   +   g - +2 plate armour of Akuqudugh {Contam Drain Str+8 SInv}
rPois   +          Reflect  .   z - +1 hat
rElec   +          Harm     .   f - +1 cloak
rCorr   +          Rampage  .   l - +2 pair of gloves {Str+3}
Will    +++..      Clarity  +   o - +1 pair of boots
Stlth   ..........              q - amulet of guardian spirit
HPRegen 1.29/turn               j - ring of Sauba {rF+ rN+ Will+ Int+3}
MPRegen 0.13/turn               n - +6 ring of strength

@: resistant, strong-willed, on berserk cooldown, regenerating, unable to read
A: horns 2, retaliatory headbutt, clarity, inability to read while threatened
a: Renounce Religion, Berserk, Trog's Hand, Brothers in Arms


You were on level 14 of the Dungeon.
You worshipped Trog.
Trog was extremely pleased with you.
You visited 1 branch of the dungeon, and saw 14 of its levels.

You collected 1182 gold pieces.
You spent 647 gold pieces at shops.

Inventory:

Hand Weapons
 k - the +10 eveningstar "Osa Vyl" (weapon) {elec, rElec rN+ Int+3}
   (You acquired it on level 4 of the Dungeon)

   It occasionally discharges a powerful burst of electricity upon striking a
   foe.
   Int:       It affects your intelligence (+3).
   rElec:     It insulates you from electricity.
   rN:        It protects you from negative energy.
Armour
 f - a +1 cloak (worn)
 g - the +2 plate armour of Akuqudugh (worn) {Contam Drain Str+8 SInv}
   (You bought it in a shop on level 14 of the Dungeon)

   Str:       It affects your strength (+8).
   SInv:      It lets you see invisible.
   Contam:    It causes magical contamination when unequipped.
   Drain:     It drains your maximum health when unequipped.
 l - a +2 pair of gloves of strength (worn)
 o - a +1 pair of boots (worn)
 z - a +1 hat (worn)
 C - a +0 kite shield (worn)
Jewellery
 j - the ring of Sauba (left hand) {rF+ rN+ Will+ Int+3}
   (You acquired it on level 4 of the Dungeon)

   [ring of willpower]

   Int:       It affects your intelligence (+3).
   rF:        It protects you from fire.
   rN:        It protects you from negative energy.
   Will:      It increases your willpower.
 n - a +6 ring of strength (right hand)
 q - an amulet of guardian spirit (around neck)
 t - a ring of resist corrosion
Wands
 d - a wand of paralysis (9)
 i - a wand of acid (5) (quivered)
 s - a wand of flame (13)
 y - a wand of iceblast (8)
Scrolls
 c - 6 scrolls of teleportation
 e - a scroll of blinking
 m - a scroll of summoning
 r - 3 scrolls of brand weapon
 x - 2 scrolls of enchant weapon
 B - 2 scrolls of identify
 D - 2 scrolls of fog
Potions
 a - 2 potions of ambrosia
 b - a potion of curing
 h - 7 potions of flight
 p - a potion of heal wounds
 u - 2 potions of lignification
 v - a potion of might
 A - 3 potions of cancellation


   Skills:
 + Level 12.8 Fighting
 + Level 13.1 Maces & Flails
 + Level 12.5 Armour
 + Level 11.4 Dodging
 - Level 0.1 Stealth
 + Level 9.9 Shields


You had 12 spell levels left.
You didn't know any spells.
Your spell library was empty.

Dungeon Overview and Level Annotations

Branches:
Dungeon (14/15)            Temple (0/1) D:6            Lair (0/6) D:9
    Orc (0/2) D:11         Vaults (0/5) D:14

Altars:
The Shining One

Shops:
D:10 (   D:14 [


Innate Abilities, Weirdness & Mutations

You have a pair of horns on your head.
You reflexively headbutt those who attack you in melee.
You possess an exceptional clarity of mind.
You sometimes lose the ability to read scrolls when taking damage.


Message History

The death knight closely misses you. You furiously retaliate!
You headbutt the death knight.
The death knight hits you with a +0 battleaxe.
* * * LOW HITPOINT WARNING * * *
The cyan ugly thing basks in the mutagenic energy from its kin and changes!
You block the five-headed hydra's attack. x2
The five-headed hydra barely misses you.
You block the five-headed hydra's attack.
The five-headed hydra bites you.
* * * LOW HITPOINT WARNING * * *
The death knight invokes the aid of Yredelemnul against you.
You resist with almost no effort.
The green ugly thing basks in the mutagenic energy from its kin and changes!
The cyan ugly thing basks in the mutagenic energy from its kin and changes!
You block the five-headed hydra's attack. x2
The five-headed hydra bites you but does no damage. x2
The five-headed hydra bites you.
* * * LOW HITPOINT WARNING * * *
You see here a +0 trident.
The rakshasa blinks!
The death knight hits you but does no damage.
The five-headed hydra misses you. x2; The five-headed hydra bites you!
* * * LOW HITPOINT WARNING * * *
The five-headed hydra closely misses you.
The five-headed hydra bites you.
* * * LOW HITPOINT WARNING * * *
The rakshasa blinks!
You block the cyan ugly thing's attack.
You block the five-headed hydra's attack.
The five-headed hydra bites you but does no damage. x2
You block the five-headed hydra's attack.
The five-headed hydra bites you but does no damage.
The white ugly thing basks in the mutagenic energy from its kin and changes!
The death knight hits you with a +0 battleaxe!
* * * LOW HITPOINT WARNING * * *
You feel yourself speed up.
The death knight calls down the wrath of Yredelemnul upon you.
You resist with almost no effort. The cyan ugly thing bites you.
* * * LOW HITPOINT WARNING * * *
The cyan ugly thing shocks you. You resist.
You die...

#.§....#.#...........
#...g..#.#.......†...
#......'.#...........
#...u..###...:.......
#..>u..# #...........
#..Ruu.# #...........
#...D..# #...........
#...up.# #####'######
#...@..# #...#
####'### ###.# ##..#
#####'### #..##
#.......# #.##
#.##'##.##
##'#########.#...#...
#....(..#....#.#.#...
#.......#.####.#.####
#...∩...#.#....#....#


You could see a death knight (summoned), a five-headed hydra (summoned), 5 ugly
things, a rakshasa (summoned) and a boggart (summoned).

Vanquished Creatures
  Kirke (D:13)
  The ghost of Torhaffo the Destroyer, a journeyman DgCj (D:12)
  A hydra (D:11)
  3 boulder beetles
  Erica (D:8)
  2 centaur warriors (D:13)
  A death knight (D:12)
  A two-headed ogre (D:8)
  4 skeletal warriors
  A spectral wolf spider (D:12)
  A manticore (D:13)
  2 necromancers (D:12)
  2 cyclopes
  A guardian serpent (D:12)
  A komodo dragon (D:12)
  An unseen horror (shapeshifter) (D:14)
  A rime drake (shapeshifter) (D:14)
  An efreet (D:12)
  A kobold demonologist (D:14)
  A yaktaur (shapeshifter) (D:14)
  3 trolls
  2 meliai (shapeshifter) (D:14)
  13 slime creatures (D:13)
  2 shadows
  2 wyverns
  A vampire (D:11)
  A wraith (D:12)
  20 yaks
  2 hogs (D:13)
  A steam dragon (D:9)
  A redback simulacrum (D:12)
  2 water moccasins
  4 orc warriors
  A hornet zombie (D:8)
  2 necrophages
  2 ice beasts
  5 ogres
  A boggart (D:14)
  4 centaurs
  A bullfrog (D:7)
  4 kobold brigands
  4 gnoll sergeants
  6 killer bees (D:7)
  7 howler monkeys
  8 wights (D:8)
  3 electric eels (D:9)
  A bullfrog zombie (D:5)
  6 centaur zombies
  7 hounds
  2 gnoll shamans
  An orc priest (D:12)
  A centaur skeleton (D:4)
  Jessica (D:3)
  3 iguanas
  A scorpion zombie (D:5)
  Natasha (twice) (D:4)
  10 orc wizards
  A killer bee zombie (D:7)
  2 hound skeletons (D:4)
  A howler monkey zombie (D:9)
  4 adders
  23 gnolls
  2 howler monkey skeletons
  2 ufetubi (D:5)
  2 adder skeletons (D:4)
  A worm (D:4)
  3 dart slugs
  25 orcs
  A bat (D:2)
  3 endoplasms
  2 giant cockroaches
  6 goblins
  11 hobgoblins
  4 jackals
  3 ball pythons
  2 frilled lizards (D:2)
  23 kobolds
  2 rats
288 creatures vanquished.

Vanquished Creatures (others)
  21 plants (D:6)
21 creatures vanquished.

Grand Total: 309 creatures vanquished

Notes
Turn   | Place    | Note
-------+----------+-------------------------------------------
     0 | D:1      | Squid the Minotaur Berserker began the quest for the Orb.
     0 | D:1      | Reached XP level 1. HP: 19/19 MP: 0/0
  1140 | D:2      | Reached skill level 4 in Maces & Flails
  1157 | D:2      | Reached XP level 2. HP: 26/27 MP: 1/1
  1297 | D:2      | Reached XP level 3. HP: 17/33 MP: 2/2
  1962 | D:3      | Noticed Jessica
  1970 | D:3      | Killed Jessica
  1971 | D:3      | Reached skill level 5 in Maces & Flails
  1971 | D:3      | Reached XP level 4. HP: 28/41 MP: 3/3
  2283 | D:4      | Identified 3 scrolls of acquirement
  2285 | D:4      | Acquired the +10 eveningstar "Osa Vyl" {elec, rElec rN+
                  | Int+3}
  2287 | D:4      | Acquired a +2 pair of gloves of strength
  2289 | D:4      | Acquired the ring of Sauba {rF+ rN+ Will+ Int+3}
  2337 | D:4      | Noticed Natasha
  2340 | D:4      | Killed Natasha
  2375 | D:4      | Reached ** piety under Trog
  2387 | D:4      | Reached XP level 5. HP: 44/47 MP: 4/4
  2560 | D:4      | Noticed an ogre
  2566 | D:4      | Killed an ogre
  2567 | D:4      | Reached skill level 5 in Fighting
  2567 | D:4      | Reached XP level 6. HP: 43/56 MP: 5/5
  2981 | D:4      | Noticed Natasha
  2983 | D:4      | Killed Natasha
  3055 | D:5      | Entered Level 5 of the Dungeon
  3061 | D:5      | Reached skill level 6 in Maces & Flails
  3350 | D:5      | Gained mutation: You have sharp toenails. [potion of
                  | mutation]
  3350 | D:5      | Gained mutation: You sometimes lose the ability to read
                  | scrolls when taking damage. [potion of mutation]
  3350 | D:5      | Lost mutation: You have sharp toenails. [potion of
                  | mutation]
  3350 | D:5      | Gained mutation: You possess an exceptional clarity of
                  | mind. [potion of mutation]
  3845 | D:5      | Reached XP level 7. HP: 51/62 MP: 6/6
  4360 | D:6      | Reached skill level 5 in Armour
  4515 | D:6      | Reached skill level 7 in Maces & Flails
  4515 | D:6      | Reached skill level 5 in Dodging
  4635 | D:6      | Reached XP level 8. HP: 64/71 MP: 7/7
  4743 | D:6      | Reached *** piety under Trog
  5066 | D:6      | Reached skill level 8 in Maces & Flails
  5991 | D:6      | Found a staircase to the Ecumenical Temple.
  6293 | D:7      | Reached XP level 9. HP: 75/81 MP: 6/8
  7071 | D:8      | Reached skill level 9 in Maces & Flails
  7074 | D:8      | Reached skill level 1 in Shields
  7074 | D:8      | Reached **** piety under Trog
  7466 | D:8      | Noticed Erica
  7474 | D:8      | Killed Erica
  7748 | D:8      | Reached XP level 10. HP: 91/91 MP: 9/9
  8186 | D:8      | Noticed a two-headed ogre
  8193 | D:8      | Killed a two-headed ogre
  8197 | D:8      | Reached skill level 10 in Maces & Flails
  8729 | D:9      | Found a staircase to the Lair.
  9471 | D:10     | Entered Level 10 of the Dungeon
  9484 | D:10     | Reached skill level 5 in Shields
  9585 | D:10     | Reached skill level 10 in Fighting
  9597 | D:10     | Identified the +5 ring mail "Kies" {*Slow rF+ rC++ Slay+3}
  9757 | D:10     | Found a glowing golden altar of the Shining One.
  9889 | D:10     | Reached XP level 11. HP: 101/101 MP: 8/10
  9909 | D:10     | Found Zoidys's Antique Weapon Shoppe.
 10245 | D:11     | Reached skill level 10 in Armour
 10246 | D:11     | Reached ***** piety under Trog
 10355 | D:11     | Noticed a five-headed hydra
 10361 | D:11     | Killed a five-headed hydra
 10362 | D:11     | Reached skill level 11 in Maces & Flails
 10543 | D:11     | Found a staircase to the Orcish Mines.
 10723 | D:11     | Noticed a boulder beetle
 10731 | D:11     | Killed a boulder beetle
 11463 | D:12     | Noticed a necromancer
 11465 | D:12     | Noticed Torhaffo's ghost (journeyman DgCj)
 11468 | D:12     | Found a transporter.
 11469 | D:12     | Noticed a death knight
 11469 | D:12     | Noticed a necromancer
 11495 | D:12     | Found a transporter.
 11496 | D:12     | Noticed a skeletal warrior
 11505 | D:12     | Killed a necromancer
 11506 | D:12     | Reached skill level 10 in Dodging
 11508 | D:12     | Killed a death knight
 11771 | D:12     | Killed a skeletal warrior
 11773 | D:12     | Killed a necromancer
 11782 | D:12     | Killed Torhaffo's ghost
 11783 | D:12     | Reached XP level 12. HP: 97/111 MP: 11/11
 11881 | D:12     | Reached skill level 12 in Maces & Flails
 12242 | D:12     | Received a gift from Trog
 12280 | D:13     | Noticed Kirke
 12295 | D:13     | Killed Kirke
 13695 | D:14     | Found Ezxoosiw's Armour Shop.
 13703 | D:14     | Reached skill level 13 in Maces & Flails
 13711 | D:14     | Bought the +2 plate armour of Akuqudugh {Contam Drain Str+8
                  | SInv} for 647 gold pieces
 13930 | D:14     | Found a gate to the Vaults.
 13940 | D:14     | Reached XP level 13. HP: 119/119 MP: 12/12
 13983 | D:14     | HP: 2/119 [death knight[a boggart] (10)]
 13984 | D:14     | Slain by a cyan ugly thing

Illustrated notes

Levels and vault maps discovered:
D:1:      scummos_arrival_checkerplants, layout_basic
D:2:      layout_rooms, minmay_vboxes
D:3:      layout_rooms, uniq_jessica
D:4:      layout_loops_ring, kennysheep_generic_room_3, uniq_natasha
D:5:      layout_cave_pods
D:6:      kennysheep_housing_project, layout_loops_ring,
          minmay_temple_entry_statues_pillars, minmay_parallelograms
D:7:      layout_loops_cross
D:8:      layout_layer_cave, amcnicky_mini_pool_small, uniq_erica
D:9:      layout_basic, lair_entry_dummy
D:10:     layout_loops_cross, tso_altar, serial_shops, shop
D:11:     layout_long_grid, orc_0_dummy, enter_bailey_4
D:12:     layout_loops_ring, gammafunk_ghost_mausoleum, minmay_misc_feat_square,
          grunt_ogre_cave, nrook_guardian_serpent_double
D:13:     layout_small_grid, gauntlet_entry_generic, uniq_kirke
D:14:     layout_roguey, david_vaults_2, serial_shops, shop,
          roderic_filled_cross, skrybe_limestone_x

Skill      XL: |  1  2  3  4  5  6  7  8  9 10 11 12 |
---------------+-------------------------------------+-----
Maces & Flails | 4 5 6 7 8 9 10 11 13 | 13.1
Fighting       | 4 5 6 8 9 10 11 12 | 12.8
Armour         | 3 4 5 7 8 9 11 12 | 12.5
Dodging        | 3 4 5 6 7 9 10 11 | 11.4
Shields        | 3 5 8 9 |  9.9
Stealth        | |  0.1

Action                   |  1- 3 |  4- 6 |  7- 9 | 10-12 | 13-15 || total
-------------------------+-------+-------+-------+-------+-------++-------
Melee: Mace              |    48 |     4 |       |       |       ||    52
       Headbutt          |     6 |     6 |    15 |    95 |     7 ||   129
       Eveningstar       |       |    48 |   130 |   314 |    19 ||   511
Invok: Berserk           |       |       |     1 |     8 |     1 ||    10
       Trog's Hand       |       |       |       |       |     1 ||     1
Evoke: Wand              |       |       |       |     5 |       ||     5
  Use: Scroll            |     8 |     8 |     6 |     8 |       ||    30
       Potion            |     1 |     2 |     1 |       |     2 ||     6
Armor: Animal skin       |     6 |       |       |       |       ||     6
       Ring mail         |     2 |     3 |       |    28 |       ||    33
       Chain mail        |       |    26 |    60 |       |       ||    86
       Plate armour      |       |       |    44 |   105 |    14 ||   163
Dodge: Dodged            |    25 |    17 |    94 |   151 |    10 ||   297
Block: Buckler           |       |       |    34 |    98 |       ||   132
       Kite shield       |       |       |       |    17 |    16 ||    33

Table legend: (Time is in decaauts)
 A = Elapsed time spent in this place.
 B = Non-inter-level travel time spent in this place.
 C = Inter-level travel time spent in this place.
 D = Time resting spent in this place.
 E = Time spent auto-exploring this place.
 F = Levels seen in this place.
 G = Mean time per level.
                   A        B        C        D        E       F      G
               +--------+--------+--------+--------+--------+-----+--------+
         Total |  14102 |  13577 |    525 |   2040 |   9482 |  14 | 1007.3 |
       Dungeon |  14102 |  13577 |    525 |   2040 |   9482 |  14 | 1007.3 |
               +--------+--------+--------+--------+--------+-----+--------+

Top non-repeatable levels by time:
     D:6: 1978 daAuts
     D:8: 1721 daAuts
    D:13: 1465 daAuts
     D:5: 1246 daAuts
     D:1: 1139 daAuts
    D:12: 1129 daAuts
    D:11: 1012 daAuts
     D:4: 785 daAuts
     D:7: 760 daAuts
     D:9: 759 daAuts
    D:10: 663 daAuts
     D:3: 640 daAuts
     D:2: 504 daAuts
    D:14: 295 daAuts
